 Dungeon Sprint DCSS version 0.28-a0-919-g0b5b508569 (webtiles) character file.

Game seed: 7930986571991717116

64925 SmokeWeed the Hawkeye (level 14, -3/151 HPs)
             Began as a Minotaur Fighter on Nov 25, 2021.
             Was the Champion of Okawaru.
             Slain by Mennas (14 damage)
             ... in the Dungeon (Sprint IX: "|||||||||||||||||||||||||||||").
             The game lasted 00:24:26 (3402 turns).

SmokeWeed the Hawkeye (Minotaur Fighter)            Turns: 3402, Time: 00:24:26

Health: -3/151     AC: 31    Str: 25    XL:     14   Next: 73%
Magic:  21/23      EV: 13    Int: 11    God:    Okawaru [******]
Gold:   1569       SH: 15    Dex: 11    Spells: 13/13 levels left

rFire   . . .      SeeInvis +   I - +4 scimitar (flame)
rCold   . . .      Faith    .   H - +0 kite shield
rNeg    . . .      Spirit   .   A - +2 plate armour {Will+}
rPois   .          Reflect  .   (helmet restricted)
rElec   .          Harm     .   n - +0 cloak
rCorr   .          Rampage  .   o - +0 pair of gloves
Will    ++...      NoTele   +   a - +1 pair of boots of Freedom {Int+3 SInv}
Stlth   ..........              (no amulet)
HPRegen 0.35/turn               q - +2 ring of protection
MPRegen 0.18/turn               r - +3 ring of strength

@: heroic, glowing, silenced
A: horns 2, retaliatory headbutt
a: Renounce Religion


You were in the Dungeon.
You worshipped Okawaru.
Okawaru was exalted by your worship.
You visited 1 branch You collected 1926 gold pieces.
You spent 357 gold pieces at shops.

Inventory:

Hand Weapons
 v - a +3 falchion of electrocution
 C - the +7 glaive of Wat Naco {vorpal, rElec Will+ Int+5 Dex+2}
   (You found it in the Dungeon)

   It inflicts extra damage upon your enemies.
   Int:       It affects your intelligence (+5).
   Dex:       It affects your dexterity (+2).
   rElec:     It insulates you from electricity.
   Will:      It increases your willpower.
 G - a +0 double sword of holy wrath
 I - a +4 scimitar of flaming (weapon)
Missiles
 b - 4 throwing nets
 d - 16 boomerangs
 w - 15 javelins
 x - 11 silver javelins
 z - 4 atropa-tipped darts (quivered)
Armour
 a - the +1 pair of boots of Freedom (worn) {Int+3 SInv}
   (Okawaru gifted it to you in the Dungeon)

   Int:       It affects your intelligence (+3).
   SInv:      It lets you see invisible.
 c - a +0 buckler
 n - a +0 cloak (worn)
 o - a +0 pair of gloves (worn)
 y - a +0 pair of boots
 A - a +2 plate armour of willpower (worn)
 F - a +2 plate armour of fire resistance
 H - a +0 kite shield (worn)
Jewellery
 q - a +2 ring of protection (left hand)
 r - a +3 ring of strength (right hand)
Wands
 l - a wand of iceblast (6)
 m - a wand of acid (3)
Scrolls
 j - 3 scrolls of blinking
 k - 2 scrolls of amnesia
 s - a scroll of fear
 t - 2 scrolls of identify
 u - 3 scrolls of fog
 E - 2 scrolls of enchant weapon
Potions
 e - 8 potions of curing
 f - a potion of brilliance
 g - 7 potions of heal wounds
 h - 4 potions of magic
 i - 4 potions of berserk rage
 p - 2 potions of might
 B - a potion of cancellation
 D - a potion of haste


   Skills:
 + Level 21.0(26.0) Fighting
 + Level 16.9(21.9) Long Blades
 - Level 12.2(17.2) Polearms
 * Level 23.5(27) Throwing
 + Level 17.5(22.5) Armour
 + Level 10.9(15.9) Dodging
 + Level 4.7(9.7) Stealth
 + Level 17.1(22.1) Shields
 + Level 13.4 Invocations
 * Level 2.5 Evocations


You had 13 spell levels left.
You didn't know any spells.
Your spell library was empty.

Dungeon Overview and Level Annotations

Branches:
Dungeon (1/1)

Altars:
Cheibriados
Dithmenos
Elyvilon
Fedhas
Gozag
Hepliaklqana
Kikubaaqudgha
Makhleb
Nemelex Xobeh
Okawaru
Qazlal
Ru
Sif Muna
Trog
Uskayaw
Vehumet
Wu Jian
Xom
Yredelemnul
Zin
The Shining One
Beogh
Jiyva
Lugonu

Shops:
D ![(:

Annotations:
D Mennas


Innate Abilities, Weirdness & Mutations

You have a pair of horns on your head.
You reflexively headbutt those who attack you in melee.


Message History

Mennas gestures at you.
Mennas is no longer blind.
Throw: 16 boomerangs
Press: ? - help, Q - select action, (/) - cycle Shift-Dir - straight line, f - Mennas
Aim: Mennas, wielding a +5 trishula of holy wrath and wearing a +0 tower shield (lightly wounded, haloed, 55% to hit)
You throw a boomerang. The boomerang completely misses Mennas.
Your hands slow down.
Throw: 5 darts (atropa)
Press: ? - help, Q - select action, (/) - cycle Shift-Dir - straight line, f/p - Mennas
Aim: Mennas, wielding a +5 trishula of holy wrath and wearing a +0 tower shield (lightly wounded, haloed, 55% to hit, chance to blind on hit: 39%)
You throw an atropa-tipped dart.
Mennas blocks the atropa-tipped dart.
Mennas looks to the heavens.
Mennas gestures frantically.
You are confused.
You bump into the unnaturally hard rock wall.
Mennas hits you but does no damage.
Mennas hits you from afar with a +5 trishula of holy wrath!!
Mennas gestures frantically.
Mennas's surroundings become eerily quiet.
You bump into the unnaturally hard rock wall.
Mennas hits you but does no damage.
Mennas hits you from afar with a +5 trishula of holy wrath.
* * * LOW HITPOINT WARNING * * *
You bump into the unnaturally hard rock wall.
Mennas hits you from afar with a +5 trishula of holy wrath!
* * * LOW HITPOINT WARNING * * *
Mennas hits you from afar with a +5 trishula of holy wrath.
* * * LOW HITPOINT WARNING * * *
Mennas hits you from afar with a +5 trishula of holy wrath.
* * * LOW HITPOINT WARNING * * *
Mennas hits you from afar with a +5 trishula of holy wrath.
* * * LOW HITPOINT WARNING * * *
You bump into the unnaturally hard rock wall.
You feel less confused.
Mennas looks to the heavens.
Mennas hits you but does no damage. x2
You block Mennas's attack. Mennas barely misses you.
Mennas hits you with a +5 trishula of holy wrath!
* * * LOW HITPOINT WARNING * * *
Mennas hits you with a +5 trishula of holy wrath!
You die...

.......†.†..........[............
♣♣♣♣♣♣♣♣♣▓▓▓▓▓▓▓▓▓▓▓▓▓▓▓▓▓▓▓▓▓▓▓▓
†.[.†....'.††...†..').†)()...'...
♣♣♣♣♣♣♣♣♣▓▓▓▓▓▓▓▓▓▓▓▓▓▓▓▓▓▓▓▓▓▓▓▓
..........................[......
▓▓▓▓▓▓▓▓▓▓▓▓▓▓▓▓▓▓▓▓▓▓▓▓▓▓▓▓▓▓▓▓▓
)..[......'†))))).))[).)).)))...'
▓▓▓▓▓▓▓▓▓▓▓▓▓▓▓▓▓▓▓▓▓▓▓▓▓▓▓▓▓▓▓▓▓
............(..A@................
▓▓▓▓▓▓▓▓▓▓▓▓▓▓▓▓▓▓▓▓▓▓▓▓▓▓▓▓▓▓▓▓▓


You could see Mennas (silencing).

Vanquished Creatures
  Frances (D)
  A sphinx (D)
  A tengu reaver (D)
  Kirke (D)
  A nagaraja (D)
  Donald (D)
  A fire giant (D)
  A ghost moth (D)
  2 vault wardens (D)
  4 ironbound preservers (D)
  3 stone giants (D)
  A very ugly thing (D)
  A bunyip (D)
  Azrael (D)
  A spark wasp (D)
  Snorg (D)
  A fire dragon (D)
  An eleionoma (D)
  2 ettins (D)
  2 rakshasas (D)
  A great orb of eyes (D)
  A salamander tyrant (D)
  Harold (D)
  2 ironbound thunderhulks (D)
  4 ice dragons (D)
  A naga warrior (D)
  A boulder beetle (D)
  A ghost crab (D)
  An alligator snapping turtle (D)
  4 hydras (D)
  2 spriggan air magi (D)
  An ironbound frostheart (D)
  A deep troll shaman (D)
  A satyr (D)
  A centaur warrior (D)
  2 vampire magi (D)
  2 tengu warriors (D)
  An orc high priest (D)
  A deep troll earth mage (D)
  A spriggan druid (D)
  A swamp dragon (D)
  3 ironbound convokers (D)
  9 orc knights (D)
  A harpy (D)
  A deep elf pyromancer (D)
  3 wizards (D)
  An orb spider (D)
  A will-o-the-wisp (D)
  4 cyclopes (D)
  2 guardian serpents (D)
  2 ugly things (D)
  3 vault sentinels (D)
  An elephant (D)
  5 black mambas (D)
  3 cane toads (D)
  A yaktaur (D)
  A rime drake (shapeshifter) (D)
  2 komodo dragons (D)
  A troll (D)
  A bloated husk (D)
  5 polar bears (D)
  3 merfolk (D)
  A jumping spider (D)
  A tyrant leech (D)
  A hornet (shapeshifter) (D)
  A slime creature (D)
  A blink frog (D)
  A raiju (shapeshifter) (D)
  2 snapping turtles (D)
  A redback (D)
  A tarantella (shapeshifter) (D)
  4 tarantellas (D)
  2 wyverns (D)
  A fire elemental (D)
  A hog (D)
  Eustachio (D)
  2 humans (D)
  2 basilisks (D)
  Grum (D)
  An acid dragon (D)
  4 hell hounds (D)
  2 water moccasins (D)
  16 orc warriors (D)
  4 black bears (D)
  2 wolves (D)
  2 bullfrogs (D)
  A killer bee (D)
  A jelly (D)
  7 orc priests (D)
  3 orc wizards (D)
  An adder (D)
  6 orcs (D)
  An endoplasm (D)
  A giant cockroach (D)
  A quokka (D)
  2 bats (D)
  A giant cockroach zombie (D)
  A jackal zombie (D)
193 creatures vanquished.

Vanquished Creatures (others)
  A bog body (D)
  2 foxfires (D)
3 creatures vanquished.

Grand Total: 196 creatures vanquished

Notes
Turn   | Place    | Note
-------+----------+-------------------------------------------
     0 | D        | SmokeWeed the Minotaur Fighter began the quest for the Orb.
     0 | D        | Reached XP level 1. HP: 19/19 MP: 0/0
     2 | D        | Banished a spatial maelstrom
    46 | D        | Noticed a jelly
    54 | D        | Reached skill level 5 in Armour
    54 | D        | Reached XP level 2. HP: 28/28 MP: 1/1
    59 | D        | Reached skill level 5 in Fighting
    61 | D        | Reached skill level 5 in Shields
    61 | D        | Reached XP level 3. HP: 26/37 MP: 2/2
    85 | D        | Found a snail-covered altar of Cheibriados.
    85 | D        | Found a shadowy altar of Dithmenos.
    85 | D        | Found a white marble altar of Elyvilon.
    85 | D        | Found a blossoming altar of Fedhas.
    85 | D        | Found an opulent altar of Gozag.
    86 | D        | Found a hazy altar of Hepliaklqana.
    87 | D        | Found a viscous altar of Jiyva.
    88 | D        | Found an ancient bone altar of Kikubaaqudgha.
    89 | D        | Found a corrupted altar of Lugonu.
    90 | D        | Found a burning altar of Makhleb.
    91 | D        | Found a sparkling altar of Nemelex Xobeh.
    92 | D        | Found an iron altar of Okawaru.
    93 | D        | Found a stormy altar of Qazlal.
    94 | D        | Found a sacrificial altar of Ru.
    95 | D        | Found a shimmering blue altar of Sif Muna.
    96 | D        | Found a bloodstained altar of Trog.
    97 | D        | Found a hide-covered altar of Uskayaw.
    98 | D        | Found a radiant altar of Vehumet.
    99 | D        | Found an ornate altar of the Wu Jian Council.
   100 | D        | Became a worshipper of Warmaster Okawaru
   101 | D        | Found a shimmering altar of Xom.
   102 | D        | Found a basalt altar of Yredelemnul.
   103 | D        | Found a glowing silver altar of Zin.
   104 | D        | Found a glowing golden altar of the Shining One.
   216 | D        | Noticed a wyvern
   216 | D        | Noticed an acid dragon
   216 | D        | Noticed a killer bee
   216 | D        | Noticed an orc warrior
   216 | D        | Noticed a troll
   224 | D        | Killed a wyvern
   224 | D        | Reached * piety under Okawaru
   225 | D        | Reached skill level 1 in Dodging
   225 | D        | Reached XP level 4. HP: 21/49 MP: 3/3
   225 | D        | Reached XP level 5. HP: 24/56 MP: 4/4
   231 | D        | Killed an acid dragon
   232 | D        | Reached skill level 1 in Stealth
   232 | D        | Reached XP level 6. HP: 25/64 MP: 2/5
   236 | D        | Reached skill level 10 in Fighting
   236 | D        | Reached skill level 10 in Armour
   243 | D        | Killed an orc warrior
   243 | D        | Reached ** piety under Okawaru
   249 | D        | Killed a troll
   250 | D        | Reached skill level 10 in Shields
   250 | D        | Reached skill level 1 in Invocations
   250 | D        | Reached XP level 7. HP: 35/74 MP: 2/6
   429 | D        | Noticed a cyclops
   429 | D        | Noticed a cyan ugly thing
   429 | D        | Noticed a cyclops
   429 | D        | Noticed a boulder beetle
   429 | D        | Noticed a cyclops
   429 | D        | Noticed a raiju
   435 | D        | Killed a cyclops
   436 | D        | Reached XP level 8. HP: 66/85 MP: 4/8
   440 | D        | Killed a cyan ugly thing
   440 | D        | Reached *** piety under Okawaru
   440 | D        | Received a gift from Okawaru
   441 | D        | Reached skill level 5 in Long Blades
   441 | D        | Reached skill level 5 in Dodging
   442 | D        | Killed a cyclops
   449 | D        | Killed a cyclops
   449 | D        | Reached **** piety under Okawaru
   450 | D        | Reached XP level 9. HP: 25/93 MP: 5/9
   455 | D        | HP: 3/94 [boulder beetle (23)]
   469 | D        | HP: 3/94 [boulder beetle (24)]
   473 | D        | Killed a boulder beetle
   473 | D        | Reached ***** piety under Okawaru
   474 | D        | Reached skill level 10 in Long Blades
   942 | D        | Noticed a komodo dragon
   942 | D        | Noticed a komodo dragon
   942 | D        | Noticed an eight-headed hydra
   942 | D        | Noticed a polar bear
   945 | D        | Noticed a black mamba
   946 | D        | Killed a komodo dragon
   947 | D        | Reached skill level 3 in Throwing
   948 | D        | Killed a komodo dragon
   949 | D        | Reached skill level 5 in Throwing
   950 | D        | Reached skill level 6 in Throwing
   950 | D        | Killed an eight-headed hydra
   950 | D        | Received a gift from Okawaru
   951 | D        | Reached skill level 9 in Throwing
   951 | D        | Reached XP level 10. HP: 103/103 MP: 2/10
   952 | D        | Received a gift from Okawaru
   954 | D        | Reached skill level 10 in Throwing
   961 | D        | Killed a black mamba
   962 | D        | Reached skill level 11 in Throwing
  1024 | D        | Noticed a six-headed hydra
  1024 | D        | Noticed a cane toad
  1024 | D        | Noticed an elephant
  1024 | D        | Noticed a cane toad
  1024 | D        | Noticed a cane toad
  1025 | D        | Killed a cane toad
  1027 | D        | Killed a six-headed hydra
  1027 | D        | Killed a cane toad
  1027 | D        | Killed an elephant
  1028 | D        | Reached skill level 13 in Throwing
  1028 | D        | Killed a cane toad
  1029 | D        | Reached skill level 14 in Throwing
  1036 | D        | Received a gift from Okawaru
  1178 | D        | Reached XP level 11. HP: 108/110 MP: 3/12
  1194 | D        | Reached skill level 15 in Throwing
  1368 | D        | Noticed an orc high priest
  1371 | D        | Killed an orc high priest
  1371 | D        | Received a gift from Okawaru
  1372 | D        | Reached skill level 1 in Evocations
  1487 | D        | Noticed an orc knight
  1487 | D        | Noticed an orc knight
  1487 | D        | Noticed an orc knight
  1489 | D        | Noticed an orc knight
  1490 | D        | Killed an orc knight
  1491 | D        | Killed an orc knight
  1491 | D        | Received a gift from Okawaru
  1491 | D        | Killed an orc knight
  1492 | D        | Reached skill level 5 in Invocations
  1499 | D        | Noticed an orc knight
  1501 | D        | Killed an orc knight
  1501 | D        | Received a gift from Okawaru
  1510 | D        | Killed an orc knight
  1510 | D        | Received a gift from Okawaru
  1679 | D        | Found Oned's Distillery.
  1679 | D        | Noticed an orc knight
  1683 | D        | Noticed an orc knight
  1685 | D        | Reached skill level 10 in Dodging
  1686 | D        | Killed an orc knight
  1687 | D        | Killed an orc knight
  1690 | D        | Reached skill level 16 in Throwing
  1690 | D        | Found Poegom's Antique Armour Shoppe.
  1695 | D        | Found Diyrchet's Weapon Emporium.
  1699 | D        | Found Ungicier's Book Shoppe.
  1702 | D        | Noticed an orc knight
  1706 | D        | Reached skill level 15 in Fighting
  1717 | D        | Killed an orc knight
  1779 | D        | Bought 2 throwing nets for 60 gold pieces
  1789 | D        | Bought a potion of curing for 33 gold pieces
  1789 | D        | Bought a potion of might for 44 gold pieces
  1789 | D        | Bought a potion of curing for 33 gold pieces
  1789 | D        | Bought a potion of might for 44 gold pieces
  1789 | D        | Bought a potion of cancellation for 88 gold pieces
  1789 | D        | Bought a potion of heal wounds for 55 gold pieces
  1825 | D        | Noticed Eustachio
  1846 | D        | Killed Eustachio
  1876 | D        | Noticed Grum
  1892 | D        | Killed Grum
  1948 | D        | Got the +7 glaive of Wat Naco {vorpal, rElec Will+ Int+5
                  | Dex+2}
  2018 | D        | Noticed a brown ugly thing
  2018 | D        | Noticed a deep elf pyromancer
  2018 | D        | Noticed an orc knight
  2018 | D        | Noticed a five-headed hydra
  2018 | D        | Noticed a centaur warrior
  2019 | D        | Killed a five-headed hydra
  2020 | D        | Reached XP level 12. HP: 119/119 MP: 8/16
  2020 | D        | Noticed a four-headed hydra
  2021 | D        | Killed a centaur warrior
  2024 | D        | Killed a four-headed hydra
  2025 | D        | Reached skill level 10 in Polearms
  2033 | D        | Noticed a fire giant
  2037 | D        | Killed a fire giant
  2037 | D        | Received a gift from Okawaru
  2039 | D        | Noticed a great orb of eyes
  2042 | D        | Killed a great orb of eyes
  2043 | D        | Noticed a rakshasa
  2044 | D        | Noticed an ice dragon
  2049 | D        | Killed a rakshasa
  2049 | D        | Noticed a deep troll earth mage
  2050 | D        | Reached skill level 15 in Armour
  2056 | D        | Noticed a stone giant
  2061 | D        | Killed an ice dragon
  2066 | D        | Killed a deep troll earth mage
  2071 | D        | Killed a stone giant
  2071 | D        | Reached ****** piety under Okawaru
  2073 | D        | Noticed a brown very ugly thing
  2080 | D        | Killed a brown very ugly thing
  2231 | D        | Noticed Donald
  2239 | D        | Killed Donald
  2239 | D        | Received a gift from Okawaru
  2254 | D        | Noticed Kirke
  2265 | D        | Killed Kirke
  2287 | D        | Noticed Azrael
  2299 | D        | Killed Azrael
  2302 | D        | Received a gift from Okawaru
  2541 | D        | Noticed a nagaraja
  2541 | D        | Noticed a naga warrior
  2547 | D        | Reached XP level 13. HP: 132/132 MP: 10/18
  2547 | D        | Killed a nagaraja
  2549 | D        | Reached skill level 17 in Throwing
  2587 | D        | Noticed an eleionoma
  2591 | D        | Reached skill level 10 in Invocations
  2592 | D        | Noticed a bunyip
  2593 | D        | Killed an eleionoma
  2594 | D        | Killed a bunyip
  2601 | D        | Identified the +1 pair of boots of Freedom {Int+3 SInv}
                  | (Okawaru gifted it to you in the Dungeon)
  2601 | D        | Received a gift from Okawaru
  2602 | D        | Reached skill level 18 in Throwing
  2648 | D        | Noticed a spark wasp
  2650 | D        | Noticed a ghost moth
  2655 | D        | Killed a spark wasp
  2660 | D        | Killed a ghost moth
  2688 | D        | Reached skill level 19 in Throwing
  2799 | D        | Noticed Harold
  2812 | D        | Killed Harold
  2821 | D        | Noticed Snorg
  2830 | D        | Killed Snorg
  2831 | D        | Reached skill level 15 in Shields
  2870 | D        | Noticed Frances
  2885 | D        | Killed Frances
  2886 | D        | Reached skill level 20 in Throwing
  3003 | D        | Noticed a stone giant
  3003 | D        | Noticed a stone giant
  3007 | D        | Noticed an ettin
  3010 | D        | Killed a stone giant
  3011 | D        | Killed a stone giant
  3012 | D        | Reached skill level 15 in Long Blades
  3012 | D        | Reached XP level 14. HP: 133/146 MP: 13/22
  3012 | D        | Received a gift from Okawaru
  3013 | D        | Reached skill level 21 in Throwing
  3015 | D        | Noticed a tengu reaver
  3032 | D        | Killed a tengu reaver
  3048 | D        | Received a gift from Okawaru
  3077 | D        | Received a gift from Okawaru
  3091 | D        | Reached skill level 22 in Throwing
  3200 | D        | Noticed a sphinx
  3200 | D        | Noticed an ironbound preserver
  3200 | D        | Noticed an ironbound preserver
  3202 | D        | Killed an ironbound preserver
  3204 | D        | Killed a sphinx
  3204 | D        | Received a gift from Okawaru
  3204 | D        | Killed an ironbound preserver
  3204 | D        | Received a gift from Okawaru
  3205 | D        | Noticed a vault warden
  3208 | D        | Noticed an ironbound preserver
  3209 | D        | Noticed an ironbound preserver
  3213 | D        | Killed a vault warden
  3214 | D        | Killed an ironbound preserver
  3215 | D        | Received a gift from Okawaru
  3221 | D        | Killed an ironbound preserver
  3222 | D        | Reached skill level 23 in Throwing
  3228 | D        | Noticed a vault warden
  3233 | D        | Killed a vault warden
  3233 | D        | Received a gift from Okawaru
  3247 | D        | Received a gift from Okawaru
  3365 | D        | Noticed Mennas
  3402 | D        | Slain by Mennas

Illustrated notes

Levels and vault maps discovered:
D:        linesprint [early_d, line_temple, items_1, d_10, items_2, lair_1,
          lair_end, items_3, orc_1, orc_end, items_4, d_15, swamp_1, shoals_1,
          snake_1, spider_1, d_20, vaults_1, items_5, swamp_end, shoals_end,
          snake_end, spider_end, vaults_end, d_27, items_6, zot_1, zot_end,
          crypt_end, forest_end, elf_end, slime_end, tomb_end, abyss_end,
          pan_hell_end]

Skill      XL: |  1  2  3  4  5  6  7  8  9 10 11 12 13 14 |
---------------+-------------------------------------------+-----
Fighting       | 4 6 8 9 11 12 13 14 15 17 19 21 | 21.0
Armour         | 5 6 8 9 11 12 13 14 16 17 | 17.5
Shields        | 4 5 8 10 11 12 14 15 17 | 17.1
Dodging        | 1 2 3 4 6 7 10 | 10.9
Stealth        | 1 2 3 4 |  4.7
Invocations    | 1 2 7 8 12 13 | 13.4
Long Blades    | 8 10 13 14 15 16 | 16.9
Throwing       | 9 14 16 20 23 | 23.5
Evocations     | 1 2 |  2.5
Polearms       | 6 12 | 12.2

Action                   |  1- 3 |  4- 6 |  7- 9 | 10-12 | 13-15 || total
-------------------------+-------+-------+-------+-------+-------++-------
Melee: Long sword        |    22 |       |       |       |       ||    22
       Headbutt          |     5 |     2 |    10 |    20 |    40 ||    77
       Scimitar          |     7 |    20 |    29 |    83 |   134 ||   273
       Glaive            |       |       |       |    48 |       ||    48
Throw: Javelin           |       |       |     6 |    35 |    52 ||    93
       Boomerang         |       |       |       |    40 |    10 ||    50
       Throwing net      |       |       |       |     1 |     3 ||     4
       Dart              |       |       |       |       |     4 ||     4
Invok: Heroism           |       |     2 |     4 |    13 |     6 ||    25
       Finesse           |       |       |     2 |    11 |     4 ||    17
Evoke: Wand              |       |       |     4 |       |       ||     4
  Use: Potion            |     2 |     1 |     4 |       |       ||     7
       Scroll            |       |       |       |       |     1 ||     1
 Stab: Invisible         |     1 |     3 |       |       |       ||     4
Armor: Scale mail        |    10 |       |       |       |       ||    10
       Chain mail        |     3 |     9 |     3 |     9 |       ||    24
       Plate armour      |       |       |       |    19 |    33 ||    52
Dodge: Dodged            |    14 |    13 |     1 |    32 |    34 ||    94
Block: Buckler           |     3 |     6 |     4 |    17 |       ||    30
       Kite shield       |       |       |       |       |    47 ||    47

Table legend: (Time is in decaauts)
 A = Elapsed time spent in this place.
 B = Non-inter-level travel time spent in this place.
 C = Inter-level travel time spent in this place.
 D = Time resting spent in this place.
 E = Time spent auto-exploring this place.
 F = Levels seen in this place.
 G = Mean time per level.
                   A        B        C        D        E       F      G
               +--------+--------+--------+--------+--------+-----+--------+
         Total |   3165 |   3165 |      0 |   1479 |      0 |   1 | 3165.0 |
       Dungeon |   3165 |   3165 |      0 |   1479 |      0 |   1 | 3165.0 |
               +--------+--------+--------+--------+--------+-----+--------+

Top non-repeatable levels by time:
       D: 3165 daAuts
